 Dungeon Crawl Stone Soup version 0.29-a0-1009-g60c99734e7 (webtiles) character file.

Game seed: 4631453216583406805

23869 spaghetti the Thaumaturge (level 12, -1/82 HPs)
             Began as a Mummy Summoner on Aug 8, 2022.
             Was a High Priest of Hepliaklqana.
             Slain by an elephant (11 damage)
             ... on level 5 of the Lair of Beasts on Aug 9, 2022.
             The game lasted 00:39:32 (16032 turns).

spaghetti the Thaumaturge (Mummy Summoner)         Turns: 16032, Time: 00:39:33

Health: -1/82      AC: 18    Str: 12    XL:     12   Next: 75%
Magic:  12/27      EV: 11    Int: 27    God:    Hepliaklqana [*****.]
Gold:   250        SH:  0    Dex: 12    Spells: 23/33 levels left

rFire   . . .      SeeInvis .   v - +4 dagger (distort) {!wshort}
rCold   + . .      Faith    .   (no shield)
rNeg    + + +      Spirit   .   J - +1 scale mail of the Dungeon {rF+}
rPois   ∞          Reflect  .   u - +0 helmet
rElec   .          Harm     .   s - +0 cloak
rCorr   .          Rampage  .   z - +0 pair of gloves
Will    +....                   F - +0 pair of boots
Stlth   ..........              x - amulet of regeneration {@e2}
HPRegen 1.03/turn               f - +4 ring of protection
MPRegen 0.20/turn               G - +8 ring of intelligence

@: slowed, very slow
A: reduced essence, cold resistance 1, negative energy resistance 3, torment
resistance 2, heat vulnerability 1, in touch with death 1, no potions
a: Renounce Religion, Recall Ancestor, Ancestor Identity, Transference, Idealise


You were on level 5 of the Lair of Beasts.
You worshipped Hepliaklqana.
Hepliaklqana was extremely pleased with you.
You visited 2 branches of the dungeon, and saw 16 of its levels.
You also visited: Volcano.

You collected 965 gold pieces.
You spent 715 gold pieces at shops.


Innate Abilities, Weirdness & Mutations

Your life essence is reduced to manifest your ancestor. (-10% HP)
You are immune to poison.
Your flesh is cold resistant. (rC+)
You are immune to negative energy. (rN+++)
You are immune to unholy pain and torment.
You are vulnerable to heat. (rF-)
You are in touch with the powers of death.
You do not drink.


   Skills:
 + Level 8.1 Fighting
 - Level 4.0 Short Blades
 + Level 7.2 Armour
 + Level 7.5 Dodging
 - Level 1.5 Stealth
 + Level 11.1 Spellcasting
 + Level 8.3 Summonings
 + Level 7.9 Invocations


You had 23 spell levels left.
You knew the following spells:

 Your Spells              Type           Power      Damage    Failure   Level
a - Summon Small Mammal   Summ           100%       N/A       1%          1
b - Call Imp              Summ           56%        N/A       1%          2
c - Call Canine Familiar  Summ           56%        N/A       1%          3
d - Necrotise             Necr           88%        1d8       16%         1
e - Summon Guardian Gole  Hex/Summ       37%        N/A       9%          3

Your spell library contained the following spells:

 Spells                   Type           Power      Damage    Failure   Level
 Apportation              Tloc           30%        N/A       16%         1
 Shock                    Conj/Air       60%        1d6       16%         1
 Summon Lightning Spire   Summ/Air       37%        N/A       28%         4
 Confusing Touch          Hex            15%        N/A       43%         3
 Swiftness                Air            15%        N/A       43%         3
 Airstrike                Air            7%         2d(2-18)  85%         4
 Yara's Violent Unravell  Hex/Tmut       7%         3d5       99%         5
 Enfeeble                 Hex            7%         N/A       100%        7
 Maxwell's Capacitive Co  Air            7%         ∞         100%        8
 Storm Form               Tmut/Air       Unusable   N/A       N/A         7

Inventory:

Hand Weapons
 b - a +0 dagger {short}
   (You took it off a kobold on level 1 of the Dungeon)
 g - a +2 dagger of draining {short}
   (You took it off a kobold on level 1 of the Dungeon)
 j - a +2 short sword of speed {short}
   (You took it off an orc on level 4 of the Dungeon)
 v - a +4 dagger of distortion (weapon) {!wshort}
   (You found it on level 6 of the Dungeon)
 D - a -2 demon whip of electrocution {mace}
   (You found it on level 8 of the Dungeon)
 N - a +2 eveningstar of flaming {macerare=g}
   (You found it in a volcano)
Missiles
 c - 160 stones {throwing}
 d - 2 curare-tipped darts {=fthrowing}
 i - 45 poisoned darts {throwing}
 w - 3 boomerangs of dispersal {=f!fthrowing}
 E - 3 throwing nets {=f!fthrowing}
 M - 3 datura-tipped darts {throwing}
Armour
 s - a +0 cloak (worn)
   (You found it on level 4 of the Dungeon)
 u - a +0 helmet (worn)
   (You found it on level 5 of the Dungeon)
 z - a +0 pair of gloves (worn)
   (You found it on level 6 of the Dungeon)
 F - a +0 pair of boots (worn)
   (You found it on level 7 of the Dungeon)
 J - the +1 scale mail of the Dungeon (worn) {rF+}
   (You found it on level 1 of the Lair of Beasts)

   rF:        It protects you from fire.
Magical Staves
 h - a staff of conjuration {!a@e2staff}
   (You found it on level 1 of the Dungeon)
Jewellery
 f - a +4 ring of protection (left hand)
   (You found it on level 1 of the Dungeon)
 l - a +6 ring of strength
   (You found it on level 2 of the Dungeon)
 p - a ring of magical power
   (You found it on level 3 of the Dungeon)
 q - a ring of resist corrosion
   (You found it on level 3 of the Dungeon)
 r - a ring of ice
   (You found it on level 4 of the Dungeon)
 x - an amulet of regeneration (around neck) {@e2}
   (You found it on level 6 of the Dungeon)
 G - a +8 ring of intelligence (right hand)
   (You bought it in a shop on level 7 of the Dungeon)
 H - an amulet of reflection
   (You found it on level 9 of the Dungeon)
Wands
 m - a wand of digging (4)
   (You found it on level 11 of the Dungeon)
 o - a wand of iceblast (5)
   (You found it on level 10 of the Dungeon)
 y - a wand of flame (20)
   (You found it on level 6 of the Dungeon)
 B - a wand of polymorph (12)
   (You took it off an orc on level 7 of the Dungeon)
 C - a wand of light (7)
   (You found it on level 11 of the Dungeon)
Scrolls
 a - a scroll of magic mapping {!r}
 e - 3 scrolls of enchant armour
 k - 2 scrolls of amnesia
 n - 3 scrolls of identify {@r1}
 t - 2 scrolls of butterflies
 A - a scroll of poison
 I - 3 scrolls of enchant weapon
 K - 2 scrolls of vulnerability {!r!r}

Dungeon Overview and Level Annotations

Branches:
Dungeon (11/15) Zot: 26070  Temple (0/1) D:5            Lair (5/5) D:9 Zot: 26889
    Orc (0/2) D:11        Volcano (visited)
  Swamp: Lair:2-3    Shoals: Lair:2-3     Snake: Lair:2-3    Spider: Lair:2-3
  Slime: Lair:4-5

Altars:
Dithmenos
Gozag
Hepliaklqana
Makhleb
Okawaru
Qazlal
Sif Muna
Uskayaw
Wu Jian

Shops:
D:7 =   D:10 :

Annotations:
D:7 2 transporters, Yogidamonk's ghost, novice MiFi
Lair:4 2 transporters, Manisian's ghost, journeyman SpEn

..P......#. ........§.
.......P### .
.......#.# ..
#.......##... . ##
#####............
..#.##..##..°9........
..........w.YYFY......
...........~YY@S~~~~..
.....§.....YYh≈≈≈≈~~..
.......☼...~≈≈≈≈≈R≈~..
.....§§☼...~≈≈~~~≈≈~..
...........~~~~..≈≈~..
...........~≈≈~.~~≈≈..
...........~≈≈≈~~≈~~..
.......$....~≈≈≈≈~~...
............~~~~


You could see the friendly Sinnashi the knight (sheltered, slow), 6 elephants, a
torpor snail, a black mamba, a yak, a blink frog, a friendly guardian golem
(summoned, inner flame, slow) and a friendly warg (summoned, sheltered, slow).


Message History

Confirm with . or Enter, or press ? or * to list all spells.
A guardian golem appears, shielding your allies.
The yak is engulfed in blazing flames.
The yak dies!
The elephant tramples you but does no damage.
The elephant trunk-slaps you but does no damage.
The elephant tramples your wolf!
Your wolf holds its ground!
Your wolf dies!
Your wolf's corpse disappears in a puff of smoke!
The elephant tramples you!
You stumble backwards!
The elephant tramples your quokka!
Your quokka stumbles backwards!
Your quokka dies!
Your quokka's corpse disappears in a puff of smoke!
The elephant tramples your crimson imp!
Your crimson imp is shoved backwards!
Your crimson imp hits the elephant but does no damage.
The elephant barely misses your crimson imp. x2
The elephant barely misses you.
The elephant trunk-slaps you but does no damage.
The elephant barely misses you.
The elephant trunk-slaps you but does no damage.
A blink frog comes into view. 😮 HP[-6] MP[-3]
You take 6 damage, and now have 61/82 hp.
You lost 3 mp, and now have 16/27 mp.
Unknown command.
Unknown command.
You hit the elephant.
Space warps around the elephant.
A black mamba comes into view.
Your crimson imp hits the elephant but does no damage.
The elephant completely misses your quokka.
The elephant trunk-slaps your quokka. The elephant tramples you!
You stumble backwards!
The yak gores your quokka!
Your quokka dies!
Your quokka's corpse disappears in a puff of smoke!
The elephant tramples your crimson imp!
Your crimson imp is shoved backwards! 😮 HP[-10]
You take 10 damage, and now have 51/82 hp.
Unknown command.
The black mamba hisses angrily.
You hit the elephant.
Space warps around the elephant.
You feel yourself speed up.
Your guardian golem overheats!
The elephant tramples you but does no damage.
The elephant trunk-slaps you but does no damage.
The elephant closely misses your crimson imp.
The elephant trunk-slaps your crimson imp.
Your crimson imp dies!
Your crimson imp disappears in a puff of smoke!
The elephant tramples you!
You stumble backwards!
Splash!
You fall into the shallow water.
Moving in this stuff is going to be slow.
The blink frog blinks!
Being near the torpor snail leaves you feeling lethargic. 😮 HP[-6]
You take 6 damage, and now have 45/82 hp.
Unknown command.
Unknown command.
Casting: Summon Guardian Golem (dangerous; 9% risk of failure)
Confirm with . or Enter, or press ? or * to list all spells.
The elephant tramples you!
* * * LOW HITPOINT WARNING * * *
You hold your ground!
The elephant trunk-slaps you but does no damage.
The elephant completely misses you.
The elephant trunk-slaps you but does no damage.
The elephant tramples your warg!!
Your warg holds its ground!
Flame seeps out of your guardian golem. The elephant closely misses your warg.
The elephant tramples you!
* * * LOW HITPOINT WARNING * * *
You hold your ground!
The elephant trunk-slaps you but does no damage.
The elephant tramples you but does no damage.
The elephant barely misses you. 😨 HP[-23] MP[-2]
You take 23 damage, and now have 22/82 hp.
MASSIVE DAMAGE!! (PAUSE)
You lost 2 mp, and now have 14/27 mp.
Unknown command.
Unknown command.
Okay, then.
You can't drink.
Okay, then.
Sinnashi is recalled.
The black mamba barely misses you. The blink frog completely misses you.
The black mamba barely misses you.
Your guardian golem is engulfed in blazing flames.
Flame seeps out of your guardian golem.
The yak gores your guardian golem but does no damage.
The elephant completely misses your warg.
The elephant trunk-slaps your warg. Flame seeps out of your guardian golem.
The elephant tramples you!
* * * LOW HITPOINT WARNING * * *
You hold your ground!
The elephant trunk-slaps you but does no damage.
The elephant tramples you!
You die...

Skill      XL: |  1  2  3  4  5  6  7  8  9 10 11 12 |
---------------+-------------------------------------+-----
Spellcasting   | 3 4 5 6 7 8 10 11 | 11.1
Armour         | 1 2 3 4 5 6 7 |  7.2
Dodging        | 2 3 4 5 6 7 |  7.5
Summonings     | 4 5 6 7 8 |  8.3
Invocations    | 1 2 3 4 6 7 |  7.9
Fighting       | 1 3 4 5 7 8 |  8.1
Short Blades   | 2 3 4 |  4.0
Stealth        | |  1.5

Action                   |  1- 3 |  4- 6 |  7- 9 | 10-12 || total
-------------------------+-------+-------+-------+-------++-------
Melee: Dagger            |   137 |    38 |    88 |   373 ||   636
       Unarmed           |     8 |       |       |       ||     8
       Punch             |     2 |       |     4 |     2 ||     8
       Short sword       |       |    19 |    44 |       ||    63
Throw: Dart              |       |       |       |     2 ||     2
 Cast: Summon Small Mamm |    19 |    12 |    31 |    94 ||   156
       Call Imp          |     5 |     9 |    21 |    51 ||    86
       Necrotise         |       |    11 |    11 |       ||    22
       Call Canine Famil |       |     8 |    21 |    60 ||    89
       Summon Guardian G |       |       |     1 |    30 ||    31
Invok: Ancestor Life: Kn |     1 |       |       |       ||     1
       Recall Ancestor   |       |     1 |       |    10 ||    11
       Transference      |       |       |     1 |     3 ||     4
       Idealise          |       |       |       |     3 ||     3
Evoke: Wand              |       |       |       |     2 ||     2
  Use: Scroll            |       |     8 |     3 |     9 ||    20
 Stab: Sleeping          |     4 |     2 |     3 |       ||     9
       Distracted        |     1 |     1 |       |     3 ||     5
Armor: Robe              |    49 |    35 |    42 |     2 ||   128
       Leather armour    |       |       |       |    32 ||    32
       Acid dragon scale |       |       |       |    38 ||    38
       Scale mail        |       |       |       |   235 ||   235
Dodge: Dodged            |   103 |    58 |    96 |   368 ||   625

Levels and vault maps discovered:
D:1:      dreamdust_arrival_sigmund_warning, layout_rooms,
          shapermc_ecumenical_altar_hornbeckon, chequers_serial_rivers_micro_d,
          minmay_misc_feat_hallway, minmay_pentomino_x4
D:2:      layout_loops_ring, kennysheep_cross_bottleneck, feat_on_display
D:3:      layout_basic, minmay_cupped, uniq_sigmund
D:4:      layout_cave_pools, mainiacjoe_overflow_catwalk_spiral,
          grunt_decor_mini_mirrors
D:5:      layout_basic, temple_doors_cd, roderic_roman_lattice
D:6:      layout_gridville, mainiacjoe_overflow_small_starburst, uniq_duvessa
D:7:      layout_loops_ring, nicolae_wu_jian_immortal_techniques,
          lemuel_doored_altar, nzn_ghost_randoct, nicolae_shop_unique_rings,
          uniq_prince_ribbit1, uniq_joseph
D:8:      layout_rooms, mainiacjoe_overflow_24_doors,
          mainiacjoe_overflow_catwalk, uniq_amaemon
D:9:      layout_small_grid, grunt_lair_entry_orc_guard_hut, enter_bailey_8,
          kennysheep_generic_room_11, uniq_grum
D:10:     layout_irregular_city, gammafunk_temple_overflow_wave,
          nicolae_shop_i_like_big_books
D:11:     layout_loops_ring, david_orc_3, hangedman_abyss_or_decor_passed,
          nicolae_uskayaw_murder_on_the_dancefloor
Lair:1:   layout_regular_city, serial_bayou_ford_a
Lair:2:   layout_roguey, nicolae_spider_entry_non_spiders, grunt_megastairs_2,
          serial_bayou_shore_a
Lair:3:   gammafunk_mikee_crab_dinner, layout_gridlike,
          elwin_shoals_entry_rocks, nicolae_volcano_entry_lava_flow,
          lemuel_fruit_fields, lemuel_fruit_tree
Lair:4:   layout_concentric_octagons, gammafunk_ghost_arena
Lair:5:   gammafunk_lair_ancient_temple, layout_regular_city, slime_entry_1,
          nicolae_lair_grove_arrangements, infiniplex_staircase_pool_2

Notes
Turn   | Place    | Note
-------+----------+-------------------------------------------
     0 | D:1      | spaghetti the Mummy Summoner began the quest for the Orb.
     0 | D:1      | Reached XP level 1. HP: 13/13 MP: 4/4
     0 | D:1      | magus.rc [v1.9.6]
   230 | D:1      | Reached skill level 3 in Spellcasting
   293 | D:1      | You pick up a book of Cantrips and begin reading...
   293 | D:1      | You add the spells Necrotise and Apportation to your
                  | library.
   314 | D:1      | Found a faded altar of an unknown god.
   364 | D:1      | Reached XP level 2. HP: 9/19 MP: 3/6
   613 | D:1      | Prayed at the altar of an unknown god.
   613 | D:1      | Became a worshipper of Hepliaklqana the Forgotten
   613 | D:1      | Reached * piety under Hepliaklqana
   987 | D:1      | Learned a level 1 spell: Necrotise
   990 | D:1      | Learned a level 2 spell: Call Imp
  1292 | D:2      | Gained mutation: You are in touch with the powers of death.
                  | [Mummy growth]
  1292 | D:2      | Reached XP level 3. HP: 21/21 MP: 8/8
  1299 | D:2      | You pick up a book of Misfortune and begin reading...
  1299 | D:2      | You add the spells Confusing Touch, Yara's Violent
                  | Unravelling and Enfeeble to your library.
  1687 | D:2      | Reached ** piety under Hepliaklqana
  1746 | D:2      | Remembered your ancestor Sinnashi as a knight
  2097 | D:3      | You pick up a book of Air and begin reading...
  2097 | D:3      | You add the spells Shock, Swiftness and Airstrike to your
                  | library.
  2427 | D:3      | Reached XP level 4. HP: 23/27 MP: 9/9
  2531 | D:3      | Reached skill level 4 in Spellcasting
  3080 | D:3      | Noticed Sigmund
  3129 | D:3      | Learned a level 3 spell: Call Canine Familiar
  3191 | D:3      | Killed Sigmund
  3192 | D:3      | Reached skill level 1 in Armour
  3192 | D:3      | Reached skill level 2 in Dodging
  3192 | D:3      | Reached skill level 4 in Summonings
  3192 | D:3      | Reached skill level 1 in Invocations
  3192 | D:3      | Reached XP level 5. HP: 31/31 MP: 8/11
  3505 | D:4      | Found an iron altar of Okawaru.
  3528 | D:4      | Reached XP level 6. HP: 22/36 MP: 13/13
  3534 | D:4      | Reached skill level 2 in Invocations
  3841 | D:4      | Found a shadowy altar of Dithmenos.
  3852 | D:4      | Reached *** piety under Hepliaklqana
  3878 | D:4      | You pick up a book of the Sky and begin reading...
  4279 | D:5      | Entered Level 5 of the Dungeon
  4286 | D:5      | Reached skill level 2 in Armour
  4404 | D:5      | Reached skill level 5 in Spellcasting
  4622 | D:5      | Reached XP level 7. HP: 27/41 MP: 14/14
  4737 | D:5      | Reached skill level 3 in Dodging
  5050 | D:5      | Reached skill level 1 in Fighting
  5424 | D:5      | Found a staircase to the Ecumenical Temple.
  5535 | D:5      | Reached skill level 3 in Invocations
  5863 | D:6      | HP: 3/43 [wight/+0 great sword (12)]
  6213 | D:6      | Reached XP level 8. HP: 49/49 MP: 16/16
  6267 | D:6      | Reached skill level 2 in Fighting
  6267 | D:6      | Reached skill level 3 in Armour
  6267 | D:6      | Reached skill level 6 in Spellcasting
  6267 | D:6      | Reached skill level 5 in Summonings
  6390 | D:6      | Noticed Duvessa
  6391 | D:6      | Noticed Dowan
  6407 | D:6      | Killed Duvessa
  6410 | D:6      | Killed Dowan
  6411 | D:6      | Reached skill level 1 in Short Blades
  6663 | D:6      | Found a hazy altar of Hepliaklqana.
  6703 | D:6      | HP: 12/51 [wight/+0 great sword (8)]
  7022 | D:6      | Reached **** piety under Hepliaklqana
  7142 | D:6      | Reached skill level 4 in Dodging
  7307 | D:7      | Reached skill level 3 in Fighting
  7366 | D:7      | Reached skill level 4 in Invocations
  7367 | D:7      | Reached skill level 2 in Short Blades
  7367 | D:7      | Reached XP level 9. HP: 27/56 MP: 19/19
  7617 | D:7      | Found a transporter.
  7641 | D:7      | Noticed Yogidamonk's ghost (novice MiFi)
  7673 | D:7      | Found a transporter.
  7706 | D:7      | Reached skill level 7 in Spellcasting
  7759 | D:7      | Noticed a two-headed ogre
  7787 | D:7      | Killed a two-headed ogre
  7788 | D:7      | Reached skill level 4 in Armour
  7977 | D:7      | Reached skill level 4 in Fighting
  7995 | D:7      | Found Tarua's One-of-a-Kind Rings.
  8026 | D:7      | Found an opulent altar of Gozag.
  8031 | D:7      | Noticed Joseph
  8040 | D:7      | Learned a level 3 spell: Summon Guardian Golem
  8054 | D:7      | Killed Joseph
  8055 | D:7      | Reached skill level 3 in Short Blades
  8055 | D:7      | Reached skill level 6 in Summonings
  8246 | D:7      | Found an ornate altar of the Wu Jian Council.
  8333 | D:7      | Noticed Prince Ribbit
  8372 | D:7      | Killed Prince Ribbit
  8373 | D:7      | Reached XP level 10. HP: 30/65 MP: 21/21
  8807 | D:8      | Identified the +0 leather armour of the Spider Nest {Str+4
                  | Stlth+}
  8868 | D:8      | Reached skill level 5 in Invocations
  8915 | D:8      | Noticed an orange demon
  8916 | D:8      | Noticed Amaemon
  8930 | D:8      | Killed an orange demon
  8931 | D:8      | Reached skill level 5 in Dodging
  9125 | D:8      | Killed Amaemon
  9126 | D:8      | Reached skill level 8 in Spellcasting
  9467 | D:8      | Found a stormy altar of Qazlal.
  9938 | D:9      | Noticed Grum
  9952 | D:9      | HP: 1/65 [Grum/-1 glaive (23)]
  9955 | D:9      | Reached skill level 5 in Fighting
  9970 | D:9      | Killed Grum
  9985 | D:9      | Reached skill level 5 in Armour
 10148 | D:9      | Reached skill level 4 in Short Blades
 10235 | D:9      | HP: 15/66 [yak (3)]
 10400 | D:9      | Noticed a two-headed ogre
 10410 | D:9      | Killed a two-headed ogre
 10544 | D:9      | Found a staircase to the Lair.
 10790 | D:9      | Reached skill level 6 in Invocations
 10790 | D:9      | Reached XP level 11. HP: 56/72 MP: 22/23
 11117 | Lair:1   | Entered Level 1 of the Lair of Beasts
 11157 | Lair:1   | Reached skill level 9 in Spellcasting
 11304 | Lair:1   | Identified the +1 scale mail of the Dungeon {rF+}
 11473 | Lair:1   | Reached skill level 6 in Dodging
 11473 | Lair:1   | Reached skill level 7 in Summonings
 11488 | Lair:1   | Reached skill level 6 in Fighting
 11553 | Lair:1   | Reached ***** piety under Hepliaklqana
 12221 | D:10     | Entered Level 10 of the Dungeon
 12401 | D:10     | Found a shimmering blue altar of Sif Muna.
 12401 | D:10     | Found a burning altar of Makhleb.
 12460 | D:10     | Found Peod's Tremendous Tomes.
 12905 | D:10     | HP: 17/73 [something (23)]
 13127 | D:10     | Reached skill level 6 in Armour
 13385 | D:11     | Found a hide-covered altar of Uskayaw.
 13555 | D:11     | Found a staircase to the Orcish Mines.
 13932 | D:7      | Bought a +8 ring of intelligence for 715 gold pieces
 14141 | Lair:1   | HP: 14/74 [blink frog (7)]
 14146 | Lair:1   | HP: 10/74 [blink frog (8)]
 14306 | Lair:2   | Reached skill level 10 in Spellcasting
 14311 | Lair:2   | Reached skill level 7 in Fighting
 14311 | Lair:2   | Reached skill level 7 in Invocations
 14604 | Lair:2   | You fall into a shaft and drop 2 floors!
 14658 | Lair:4   | Reached XP level 12. HP: 81/81 MP: 26/26
 14876 | Lair:3   | Found a dark tunnel.
 14887 | Volcano  | Entered a volcano
 15031 | Volcano  | Found a bloodstained altar of Trog.
 15068 | Volcano  | Reached skill level 7 in Dodging
 15242 | Volcano  | N - a +2 eveningstar of flaming {macerare=g}
 15339 | Lair:4   | Reached skill level 8 in Summonings
 15490 | Lair:4   | Reached skill level 7 in Armour
 15553 | Lair:4   | Found a transporter.
 15560 | Lair:4   | Noticed Manisian's ghost (journeyman SpEn)
 15563 | Lair:4   | Found a transporter.
 15924 | Lair:5   | Entered Level 5 of the Lair of Beasts
 15949 | Lair:5   | Reached skill level 11 in Spellcasting
 15952 | Lair:5   | Reached skill level 8 in Fighting
 15959 | Lair:5   | Noticed a death yak
 15963 | Lair:5   | Noticed a death yak
 15963 | Lair:5   | Noticed a death yak
 15964 | Lair:5   | Noticed a death yak
 15964 | Lair:5   | Noticed a death yak
 15965 | Lair:5   | Banished a death yak
 16032 | Lair:5   | HP: 10/82 [elephant (14)]
 16032 | Lair:5   | Slain by an elephant

Vanquished Creatures
  A sun demon (Volcano)
  A komodo dragon (Lair:2)
  A rime drake (Lair:4)
  2 red devils (Volcano)
  Prince Ribbit (D:7)
  2 dream sheep (Lair:4)
  4 blink frogs
  A yak (Lair:3)
  A wyvern (Lair:3)
  2 vampire mosquitoes
  2 fire bats (Volcano)
  4 water moccasins (Lair:1)
  Duvessa (D:6)
  An ice beast (D:7)
  A sky beast (D:7)
  6 wolves
  A centaur (D:6)
  A phantom (D:7)
  2 kobold brigands (D:10)
  A necrophage (D:7)
  2 gnoll sergeants
  3 bullfrogs
  A scorpion (D:5)
  5 wights
  A killer bee (D:9)
  An electric eel (Lair:1)
  A howler monkey (D:8)
  6 lava snakes (Volcano)
  A hound (D:7)
  An iguana (D:5)
  5 orc wizards
  A nameless horror (D:8)
  4 gnolls
  5 adders
  3 shadow imps
  A white imp (D:6)
  2 ufetubi
  2 dart slugs (D:1)
  10 orcs
  3 giant cockroaches
  2 goblins
  A hobgoblin (D:4)
  2 jackals
  A quokka (D:3)
  2 ball pythons
  5 bats
  A frilled lizard (D:1)
  20 kobolds
  4 rats
  A fire vortex (Lair:3)
133 creatures vanquished.

Vanquished Creatures (collateral kills)
  2 two-headed ogres
  An obsidian statue (Volcano)
  An orc sorcerer (Volcano)
  A komodo dragon (Lair:1)
  A red devil (Volcano)
  A troll (D:9)
  12 blink frogs
  2 dream sheep (Lair:4)
  Sigmund (D:3)
  2 shadows (D:10)
  7 yaks
  A basilisk (Lair:4)
  2 fire bats (Volcano)
  Grum (D:9)
  A warg (D:11)
  An acid dragon (D:9)
  3 water moccasins
  2 orc warriors
  An ice beast (D:6)
  An ogre (D:6)
  A black bear (D:5)
  7 wolves
  4 centaurs
  2 bullfrogs
  A kobold brigand (D:7)
  3 scorpions
  6 wights
  Dowan (D:6)
  3 killer bees (D:9)
  A howler monkey (D:6)
  2 lava snakes (Volcano)
  4 jellies
  3 hounds
  6 orc priests
  A gnoll bouda (D:5)
  4 iguanas
  3 orc wizards
  11 gnolls
  An adder (D:4)
  A white imp (D:6)
  A worm (D:3)
  2 dart slugs (D:3)
  19 orcs
  A bat (D:3)
  2 endoplasms
  A giant cockroach (D:4)
  6 goblins
  3 hobgoblins
  5 jackals
  10 kobolds
  A quokka (D:3)
  2 ball pythons (D:3)
  A frilled lizard (D:3)
  5 rats
  A butterfly (Lair:3)
169 creatures vanquished.

Vanquished Creatures (others)
  Amaemon (D:8)
  A manticore (D:11)
  Joseph (D:7)
  An orange demon (D:8)
  A komodo dragon (D:9)
  A blink frog (Lair:2)
  3 dream sheep (Lair:4)
  3 yaks
  A vampire mosquito (D:11)
  A warg (D:11)
  2 orc warriors
  4 wolves
  A centaur (D:9)
  A gnoll sergeant (D:9)
  A bullfrog (D:9)
  4 wights (D:9)
  A howler monkey (D:7)
  An orc priest (D:11)
  3 gnolls (D:9)
  5 knights
  An orc (D:9)
  An ancestor (D:1)
  A kobold (D:7)
  3 fungi
  10 plants
53 creatures vanquished.

Grand Total: 355 creatures vanquished

Table legend:
 A = Non-vault XP
 B = Vault XP
 C = Vault XP percentage of total XP
 D = Non-vault monster count
 E = Vault monster count
 F = Vault count percentage of total count
                 A         B        C        D         E       F
            +---------+---------+-------+---------+---------+-------
      Total |   24415 |    9684 |  28.4 |     290 |      57 |  16.4
            +---------+---------+-------+---------+---------+-------
        D:1 |      31 |       3 |   8.8 |      16 |       3 |  15.8
        D:2 |      26 |       0 |   0.0 |      10 |       0 |   0.0
        D:3 |      54 |     230 |  81.0 |      21 |       4 |  16.0
        D:4 |     162 |       0 |   0.0 |      19 |       0 |   0.0
        D:5 |     871 |       0 |   0.0 |      33 |       0 |   0.0
        D:6 |     880 |     207 |  19.0 |      17 |       2 |  10.5
        D:7 |    2348 |     758 |  24.4 |      31 |       2 |   6.1
        D:8 |     177 |    1161 |  86.8 |       5 |       2 |  28.6
        D:9 |    3593 |    1223 |  25.4 |      31 |       9 |  22.5
       D:10 |    1262 |       0 |   0.0 |      28 |       0 |   0.0
       D:11 |    1367 |     543 |  28.4 |      16 |       8 |  33.3
     Lair:1 |    2936 |     721 |  19.7 |      17 |       5 |  22.7
     Lair:2 |    1993 |     753 |  27.4 |      11 |       4 |  26.7
     Lair:3 |    1426 |       0 |   0.0 |       7 |       0 |   0.0
     Lair:4 |    4937 |       0 |   0.0 |      21 |       0 |   0.0
     Lair:5 |    2352 |       0 |   0.0 |       7 |       0 |   0.0
    Volcano |       0 |    4085 | 100.0 |       0 |      18 | 100.0
            +---------+---------+-------+---------+---------+-------

Illustrated notes

Table legend:
 A = Kills in this place as a percentage of kills in entire the game.
 B = Kills by you in this place as a percentage of kills by you in the entire game.
 C = Kills by friends in this place as a percentage of kills by friends in the entire game.
 D = Other kills in this place as a percentage of other kills in the entire game.
 E = Experience gained in this place as a percentage of experience gained in the entire game.
 F = Experience gained in this place divided by the number of levels of this place that you have seen.
                   A       B       C       D       E      F
               +-------+-------+-------+-------+-------+----------------------
         Total | 100.0 | 100.0 | 100.0 | 100.0 | 100.0 | 2005.8
       Dungeon |  74.1 |  74.0 |  77.4 |  62.5 |  43.7 | 1354.2
          Lair |  20.7 |  17.6 |  18.5 |  37.5 |  44.3 | 3023.6
       Volcano |   5.2 |   8.4 |   4.2 |   0.0 |  12.0 | 4085.0
               +-------+-------+-------+-------+-------+----------------------

Table legend: (Time is in decaauts)
 A = Elapsed time spent in this place.
 B = Non-inter-level travel time spent in this place.
 C = Inter-level travel time spent in this place.
 D = Time resting spent in this place.
 E = Time spent auto-exploring this place.
 F = Levels seen in this place.
 G = Mean time per level.
                   A        B        C        D        E       F      G
               +--------+--------+--------+--------+--------+-----+--------+
         Total |  15973 |  15191 |    782 |   1539 |  10921 |  17 |  939.6 |
       Dungeon |  12962 |  12299 |    663 |   1371 |   8908 |  11 | 1178.4 |
          Lair |   2618 |   2500 |    118 |     77 |   1879 |   5 |  523.6 |
       Volcano |    392 |    392 |      0 |     91 |    133 |   1 |  392.0 |
               +--------+--------+--------+--------+--------+-----+--------+

Top non-repeatable levels by time:
     D:7: 1781 daAuts
     D:3: 1678 daAuts
     D:5: 1487 daAuts
  Lair:1: 1192 daAuts
     D:9: 1182 daAuts
     D:4: 1176 daAuts
     D:6: 1103 daAuts
     D:8: 1080 daAuts
     D:1: 1026 daAuts
    D:10: 893 daAuts
     D:2: 790 daAuts
    D:11: 763 daAuts
  Lair:4: 719 daAuts
  Lair:2: 412 daAuts
 Volcano: 392 daAuts
